 Dungeon Crawl Stone Soup version 0.27.1-33-g824d729ab1 (webtiles) character file.

Game seed: 15164610072771567002

714 belegose the Vexing (level 7, 0/53 HPs)
             Began as a Gnoll Arcane Marksman on Dec 17, 2021.
             Was an Initiate of Fedhas.
             Slain by an iguana (11 damage)
             ... on level 5 of the Dungeon.
             The game lasted 00:13:15 (5938 turns).

belegose the Vexing (Gnoll Arcane Marksman)         Turns: 5938, Time: 00:13:16

Health: 0/53       AC:  5    Str: 11    XL:     7   Next: 69%
Magic:  12/12      EV: 13    Int: 13    God:    Fedhas [......]
Gold:   184        SH:  4    Dex: 12    Spells: 12/13 levels left

rFire    . . .     SeeInvis .   b - +0 dagger (elec)
rCold    . . .     Faith    .   k - +0 buckler
rNeg     . . .     Spirit   .   x - +0 leather armour
rPois    .         Reflect  .   (no helmet)
rElec    .         Harm     .   (no cloak)
rCorr    .         Rampage  .   n - +1 pair of gloves
Will     .....                  (no boots)
Stlth    ++........             (no amulet)
HPRegen  0.17/turn              (no ring)
MPRegen  0.13/turn              (no ring)

@: no status effects
A: fangs 1, strong nose, distributed training
a: Renounce Religion


You were on level 5 of the Dungeon.
You worshipped Fedhas.
Fedhas was noncommittal.
You visited 2 branches of the dungeon, and saw 6 of its levels.

You collected 184 gold pieces.

Inventory:

Hand Weapons
 a - a +3 dagger of venom
 b - a +0 dagger of electrocution (weapon)
 s - a +0 mace of draining
 w - a +1 hand axe of electrocution
Missiles
 c - 2 throwing nets
 d - 102 stones (quivered)
 m - 6 poisoned darts
 o - 2 javelins
Armour
 k - a +0 buckler (worn)
 n - a +1 pair of gloves (worn)
 x - a +0 leather armour (worn)
 y - the +1 leather armour of Submission {+Inv rCorr Str-2 Int+2}
   (You found it on level 4 of the Dungeon)

   Str:       It affects your strength (-2).
   Int:       It affects your intelligence (+2).
   +Inv:      It lets you turn invisible.
   rCorr:     It protects you from acid and corrosion.
 D - a +0 kite shield
Wands
 C - a wand of flame (13)
Scrolls
 f - 2 scrolls of vulnerability {unknown}
 g - a scroll of amnesia {unknown}
 i - 2 scrolls of identify {unknown}
 l - a scroll of blinking {unknown}
 p - a scroll of noise {unknown}
 q - 2 scrolls of teleportation {unknown}
 A - a scroll of summoning {unknown}
Potions
 e - a potion of heal wounds {unknown}
 h - 3 potions of degeneration {unknown}
 j - a potion of magic {unknown}
 r - a potion of curing {unknown}
 t - a potion of brilliance {unknown}
 u - a potion of might {unknown}
 v - a potion of haste {unknown}
 z - 2 potions of mutation {unknown}
 B - a potion of lignification {unknown}


   Skills:
 + Level 3.7 Fighting
 + Level 2.6 Short Blades
 + Level 2.6 Long Blades
 + Level 2.6 Axes
 + Level 2.6 Maces & Flails
 + Level 2.6 Polearms
 + Level 2.6 Staves
 + Level 2.6 Slings
 + Level 2.6 Bows
 + Level 2.6 Crossbows
 + Level 5.3 Throwing
 + Level 2.6 Armour
 + Level 5.3 Dodging
 + Level 2.6 Stealth
 + Level 2.6 Shields
 + Level 2.6 Unarmed Combat
 + Level 3.9 Spellcasting
 + Level 2.1 Conjurations
 + Level 5.9 Hexes
 + Level 2.1 Summonings
 + Level 2.1 Necromancy
 + Level 2.1 Translocations
 + Level 2.1 Transmutations
 + Level 2.1 Fire Magic
 + Level 2.1 Ice Magic
 + Level 2.1 Air Magic
 + Level 2.1 Earth Magic
 + Level 2.1 Poison Magic
 + Level 2.9 Invocations
 + Level 2.6 Evocations


You had 12 spell levels left.
You knew the following spells:

 Your Spells              Type           Power      Damage    Failure   Level
a - Corona                Hex            18%        N/A       3%          1

Your spell library contained the following spells:

 Spells                   Type           Power      Damage    Failure   Level
 Slow                     Hex            17%        N/A       4%          2
 Magic Dart               Conj           32%        1d4       14%         1
 Inner Flame              Hex/Fire       13%        N/A       19%         3
 Portal Projectile        Hex/Tloc       26%        N/A       19%         3
 Searing Ray              Conj           16%        3d3       21%         2
 Cause Fear               Hex            8%         N/A       28%         4
 Call Canine Familiar     Summ           8%         N/A       38%         3
 Fulminant Prism          Conj/Hex       6%         3d7       52%         4
 Leda's Liquefaction      Hex/Erth       6%         N/A       52%         4


Dungeon Overview and Level Annotations

Branches:
Dungeon (5/15)             Temple (1/1) D:4

Altars:
Ashenzari
Dithmenos
Elyvilon
Fedhas
Gozag
Hepliaklqana
Kikubaaqudgha
Makhleb
Nemelex Xobeh
Okawaru
Ru
Sif Muna
Trog
Uskayaw
Vehumet
Wu Jian
Xom
Yredelemnul
Zin
The Shining One

Shops:
D:3 (


Innate Abilities, Weirdness & Mutations

You have very sharp teeth.
Your uncanny sense of smell can sniff out nearby items.
Your experience applies equally to all skills.


Message History

You hit the water moccasin zombie.
The water moccasin zombie is almost destroyed.
The water moccasin zombie closely misses you.
Your leather armour prevents you from hitting the water moccasin zombie.
The water moccasin zombie is almost destroyed.
You block the water moccasin zombie's attack.
You hit the water moccasin zombie.
The water moccasin zombie is almost destroyed.
The water moccasin zombie bites you. x2
You hit the water moccasin zombie.
Lightning courses through the water moccasin zombie!
You destroy the water moccasin zombie!
Fedhas accepts your kill.
The centaur shouts!
The centaur wields a +0 shortbow.
The centaur shoots an arrow.
You block the arrow.
The centaur shoots an arrow.
The arrow hits you!
The centaur shoots an arrow.
The arrow hits you.
The centaur shoots an arrow.
The arrow hits you!
* * * LOW HITPOINT WARNING * * *
An iguana comes into view.
The centaur shoots an arrow.
You block the arrow.
The iguana hisses angrily.
The centaur unwields a +0 shortbow.
The centaur hits you.
* * * LOW HITPOINT WARNING * * *
The centaur closely misses you.
You hit the centaur. Lightning courses through the centaur!
The centaur is almost dead.
The centaur hits you but does no damage.
The centaur barely misses you. The centaur closely misses you. x2
You hit the centaur but do no damage. Lightning courses through the centaur!!
You kill the centaur!
Fedhas appreciates your contribution to the ecosystem.
The iguana barely misses you.
Okay, then.
The iguana hisses menacingly.
You hear the hiss of a very distant avalanche of sand.
You block the iguana's attack. The iguana bites you!
You die...
Fedhas appreciates your contribution to the ecosystem.

## #. ######## #.
##......## ####.
##........## #### #....
#..........####..###.##.
#................#...##.
#.....l@....#......####.
#..............##### ##
#........).....#
##.>.....(.##.##
##........###.#
#..........##.#
#..........##.#
#..........##.#
#..........##.#


You could see an iguana.

Vanquished Creatures
  3 ogres
  A necrophage (D:4)
  A centaur (D:5)
  A water moccasin zombie (D:5)
  A water moccasin skeleton (D:4)
  2 jellies (D:5)
  Ijyb (D:4)
  2 adders
  A shadow imp (D:3)
  An ufetubus (D:3)
  A worm (D:3)
  A dart slug (D:1)
  2 orcs
  3 ball pythons
  4 bats
  8 endoplasms
  3 giant cockroaches (D:1)
  8 goblins
  4 hobgoblins
  11 jackals
  10 kobolds
  3 quokkas
  3 frilled lizards
  6 rats
81 creatures vanquished.

Vanquished Creatures (others)
  A plant (D:2)
1 creature vanquished.

Grand Total: 82 creatures vanquished

Notes
Turn   | Place    | Note
-------+----------+-------------------------------------------
     0 | D:1      | belegose the Gnoll Arcane Marksman began the quest for the
                  | Orb.
     0 | D:1      | Reached XP level 1. HP: 17/17 MP: 4/4
   195 | D:1      | Reached XP level 2. HP: 13/23 MP: 5/5
  1224 | D:1      | Reached XP level 3. HP: 17/28 MP: 7/7
  2043 | D:2      | Found a faded altar of an unknown god.
  2230 | D:2      | Reached skill level 1 in Invocations
  2526 | D:2      | Reached skill level 1 in Short Blades
  2526 | D:2      | Reached skill level 1 in Long Blades
  2526 | D:2      | Reached skill level 1 in Axes
  2526 | D:2      | Reached skill level 1 in Maces & Flails
  2526 | D:2      | Reached skill level 1 in Polearms
  2526 | D:2      | Reached skill level 1 in Staves
  2526 | D:2      | Reached skill level 1 in Slings
  2526 | D:2      | Reached skill level 1 in Bows
  2526 | D:2      | Reached skill level 1 in Crossbows
  2526 | D:2      | Reached skill level 1 in Armour
  2526 | D:2      | Reached skill level 1 in Stealth
  2526 | D:2      | Reached skill level 1 in Shields
  2526 | D:2      | Reached skill level 1 in Unarmed Combat
  2526 | D:2      | Reached skill level 1 in Evocations
  2740 | D:3      | Reached XP level 4. HP: 22/34 MP: 8/8
  3080 | D:3      | Found Uwnyd's Weapon Shop.
  3300 | D:3      | Noticed an ogre
  3314 | D:3      | Killed an ogre
  3315 | D:3      | Reached skill level 1 in Conjurations
  3315 | D:3      | Reached skill level 1 in Summonings
  3315 | D:3      | Reached skill level 1 in Necromancy
  3315 | D:3      | Reached skill level 1 in Translocations
  3315 | D:3      | Reached skill level 1 in Transmutations
  3315 | D:3      | Reached skill level 1 in Fire Magic
  3315 | D:3      | Reached skill level 1 in Ice Magic
  3315 | D:3      | Reached skill level 1 in Air Magic
  3315 | D:3      | Reached skill level 1 in Earth Magic
  3315 | D:3      | Reached skill level 1 in Poison Magic
  3315 | D:3      | Reached XP level 5. HP: 11/41 MP: 9/9
  4207 | D:4      | Identified the +1 leather armour of Submission {+Inv rCorr
                  | Str-2 Int+2}
  4241 | D:4      | Noticed an ogre
  4680 | D:4      | Noticed an ogre
  4731 | D:4      | Killed an ogre
  4732 | D:4      | Reached XP level 6. HP: 33/47 MP: 9/11
  4908 | D:4      | Reached skill level 5 in Throwing
  4908 | D:4      | Reached skill level 5 in Dodging
  5102 | D:4      | Noticed a necrophage
  5113 | D:4      | Killed a necrophage
  5114 | D:4      | Reached XP level 7. HP: 48/52 MP: 12/12
  5257 | D:4      | Found a staircase to the Ecumenical Temple.
  5259 | D:4      | Noticed Ijyb
  5303 | D:4      | Killed Ijyb
  5310 | Temple   | Entered the Ecumenical Temple
  5592 | Temple   | Became a worshipper of Fedhas Madash
  5778 | D:5      | Entered Level 5 of the Dungeon
  5938 | D:5      | Slain by an iguana

Illustrated notes

Levels and vault maps discovered:
D:1:      dpeg_arrival_line_fractal, layout_basic, serial_glass,
          glass_columns_b, glass_columns_b, glass_columns_a, glass_columns_b,
          glass_columns_b, glass_columns_a, glass_columns_c, glass_columns_a,
          glass_columns_a, glass_columns_c, serial_park_tiny_pond
D:2:      cheibrodos_old_hovel, layout_basic, hellmonk_ecumenical_altar_blasted
D:3:      layout_basic, serial_shops, nicolae_square_shop,
          amcnicky_mini_corridor_feature
D:4:      layout_rooms, minmay_temple_entry_wispy, uniq_ijyb
D:5:      layout_rooms, nicolae_ossuary_entry_false_entrances
Temple:   regret_index_temple_chain_breaker

Skill      XL: |  1  2  3  4  5  6  7 |
---------------+----------------------+-----
Invocations    | 1 2 |  2.9
Short Blades   | 1 2 |  2.6
Long Blades    | 1 2 |  2.6
Axes           | 1 2 |  2.6
Maces & Flails | 1 2 |  2.6
Polearms       | 1 2 |  2.6
Staves         | 1 2 |  2.6
Slings         | 1 2 |  2.6
Bows           | 1 2 |  2.6
Crossbows      | 1 2 |  2.6
Armour         | 1 2 |  2.6
Stealth        | 1 2 |  2.6
Shields        | 1 2 |  2.6
Unarmed Combat | 1 2 |  2.6
Evocations     | 1 2 |  2.6
Spellcasting   | 3 |  3.9
Fighting       | 3 |  3.7
Conjurations   | 1 2 |  2.1
Summonings     | 1 2 |  2.1
Necromancy     | 1 2 |  2.1
Translocations | 1 2 |  2.1
Transmutations | 1 2 |  2.1
Fire Magic     | 1 2 |  2.1
Ice Magic      | 1 2 |  2.1
Air Magic      | 1 2 |  2.1
Earth Magic    | 1 2 |  2.1
Poison Magic   | 1 2 |  2.1
Throwing       | 5 |  5.3
Dodging        | 5 |  5.3
Hexes          | |  5.9

Action                   |  1- 3 |  4- 6 |  7- 9 || total
-------------------------+-------+-------+-------++-------
Melee: Unarmed           |    11 |       |       ||    11
       Dagger            |   164 |    73 |    57 ||   294
       Bite              |    16 |     2 |     5 ||    23
Throw: Javelin           |    15 |       |     3 ||    18
       Dart              |       |    16 |       ||    16
       Stone             |       |       |     1 ||     1
 Stab: Sleeping          |     4 |     5 |       ||     9
       Distracted        |       |     1 |       ||     1
Armor: Robe              |    29 |    11 |       ||    40
       Leather armour    |       |    16 |    11 ||    27
Dodge: Dodged            |    99 |    63 |    26 ||   188
Block: Buckler           |       |    18 |    10 ||    28
